 Dungeon Sprint DCSS version 0.23.0 (webtiles) character file.

Game seed: 15659473358759698604

14508 Kairos the Severer (level 12, -10/106 HPs)
             Began as a Formicid Fighter on Feb 12, 2019.
             Was the Champion of Qazlal.
             Mangled by a reaper
             ... wielding a +0 scythe of protection
              (34 damage)
             ... in the Dungeon (Sprint V: "Ziggurat Sprint").
             The game lasted 00:12:54 (1836 turns).

Kairos the Severer (Formicid Fighter)               Turns: 1836, Time: 00:12:54

Health: -10/106    AC: 35    Str: 38    XL:     12   Next: 46%
Magic:  14/14      EV:  5    Int:  8    God:    Qazlal [******]
Gold:   0          SH: 50    Dex: 10    Spells: 14/14 levels left

rFire    . . .     SeeInvis +   o - +5 executioner's axe
rCold    . . .     Gourm    .   v - +18 shield of the Gong {rElec rN+ MR+ EV-5}
rNeg     + . .     Faith    .   u - +15 Maxwell's patent armour {-Cast -Tele rElec MR+ rCorr}
rPois    .         Spirit   .   (helmet unavailable)
rElec    +         Reflect  +   V - +1 cloak {+Inv}
rCorr    +         Harm     .   (no gloves)
MR       +++..     NoCast   +   (no boots)
Stlth    ..........             S - brooch of Shielding {Reflect SH+8}
HPRegen  0.27/turn              B - +6 ring of strength
MPRegen  0.14/turn              A - +6 ring of strength

@: protected from physical damage, studying 3 skills, repel missiles
A: permanent stasis, dig shafts and tunnels, four strong arms, antennae 3
a: Dig, Upheaval, Elemental Force, Disaster Area, Renounce Religion, Evoke
Invisibility


You were in the Dungeon.
You worshipped Qazlal.
Qazlal was exalted by your worship.
You were hungry.

You visited 1 branch

Inventory:

Hand Weapons
 o - a +5 executioner's axe (weapon)
 q - the +7 great mace "Firestarter" {inner flame, rF++}
   (You found it in the Dungeon)

   It has been specially enchanted to burn those struck by it, causing extra
   injury to most foes and up to half again as much damage against particularly
   susceptible opponents.
   It greatly protects you from fire.
 r - the +8 lance "Wyrmbane" {slay drac, rPois rF+ rC+ AC+3}
   (You found it in the Dungeon)

   It affects your AC (+3).
   It protects you from fire.
   It protects you from cold.
   It protects you from poison.
 s - the +9 heavy crossbow "Sniper" {velocity, Acc+∞ SInv}
   (You found it in the Dungeon)

   Any bolt fired from it inflicts extra damage.
   It lets you see invisible.
 t - the cursed +14 obsidian axe {chop, +Fly SInv *Curse}
   (You found it in the Dungeon)

   It inflicts extra damage upon your enemies.
   It lets you see invisible.
   It lets you fly.
   It curses itself when equipped.
   It has a curse placed upon it.
 X - the +3 lajatang "Xiapn" {antimagic, MR++ Int-5 SInv Stlth+}
   (You found it in the Dungeon)

   It reduces the magical energy of the wielder, and disrupts the spells and
   magical abilities of those hit.
   Natural abilities and divine invocations are not affected.
   It affects your intelligence (-5).
   It affects your resistance to hostile enchantments.
   It lets you see invisible.
   It makes you more stealthy.
Missiles
 p - 1000 bolts
Armour
 l - a +5 crystal plate armour
 m - +5 gold dragon scales
 n - +5 shadow dragon scales
 u - the +15 Maxwell's patent armour (worn) {-Cast -Tele rElec MR+ rCorr}
   (You found it in the Dungeon)

   It insulates you from electricity.
   It affects your resistance to hostile enchantments.
   It prevents spellcasting.
   It prevents most forms of teleportation.
   It provides partial protection from all sources of acid and corrosion.
 v - the +18 shield of the Gong (worn) {rElec rN+ MR+ EV-5}
   (You found it in the Dungeon)

   It affects your evasion (-5).
   It insulates you from electricity.
   It protects you from negative energy.
   It affects your resistance to hostile enchantments.
 V - a +1 cloak of invisibility (worn)
Jewellery
 c - an uncursed ring of positive energy
 w - a +6 ring of dexterity
 x - a +6 ring of dexterity
 y - a +6 ring of intelligence
 z - a +6 ring of intelligence
 A - a +6 ring of strength (right hand)
 B - a +6 ring of strength (left hand)
 C - an uncursed ring of flight
 J - the cursed ring "Lygemep" {MR+ Str+6 Int-2}
   (You found it in the Dungeon)

   [ring of intelligence]

   It affects your strength (+6).
   It affects your intelligence (-2).
   It affects your resistance to hostile enchantments.
   It has a curse placed upon it.
 S - the brooch of Shielding (around neck) {Reflect SH+8}
   (You found it in the Dungeon)

   [amulet of reflection]

   It shields you and reflects attacks.
   It affects your SH (+8).
Wands
 D - a wand of disintegration (7)
 E - a wand of iceblast (7)
 F - a wand of acid (7)
Scrolls
 L - 4 scrolls of amnesia
 M - 6 scrolls of fog
 N - a scroll of holy word
 O - 5 scrolls of identify
 P - 5 scrolls of remove curse
 Q - 2 scrolls of fear
 W - a scroll of brand weapon
Potions
 d - 6 potions of might
 e - 10 potions of curing
 g - 14 potions of heal wounds
 i - 7 potions of magic
 G - 2 potions of brilliance
 H - 2 potions of invisibility
 I - 4 potions of resistance
 K - 5 potions of agility
Books
 b - a manual of Maces & Flails
 R - a manual of Long Blades
 Y - a manual of Necromancy
Miscellaneous
 a - a fan of gales
 h - a fan of gales
 j - a fan of gales
 k - 4 boxes of beasts
 T - a lamp of fire
 U - a lamp of fire
Comestibles
 f - 7 rations


   Skills:
 + Level 13.6 Fighting
 + Level 19.3(19.4) Axes
 + Level 1.6(13.2) Maces & Flails
 + Level 1.5(13.2) Polearms
 + Level 1.6 Crossbows
 + Level 1.5 Throwing
 + Level 10.4 Armour
 + Level 3.1 Dodging
 + Level 2.8 Stealth
 + Level 17.1 Shields
 + Level 1.7 Unarmed Combat
 + Level 1.7 Spellcasting
 + Level 1.9 Invocations
 + Level 1.7 Evocations


You had 14 spell levels left.
You didn't know any spells.
Your spell library contained the following spells:

 Spells                   Type           Power        Failure   Level  Hunger
 Confusing Touch          Hex            #.....       87%         1    ##.....
 Corona                   Hex            #......      87%         1    ##.....
 Flame Tongue             Conj/Fire      #....        87%         1    ##.....
 Sting                    Conj/Pois      #...         87%         1    ##.....
 Corpse Rot               Necr           N/A          95%         2    ###....
 Ensorcelled Hibernation  Hex/Ice        #.....       95%         2    ###....
 Passwall                 Tmut/Erth      #.......     95%         2    ###....
 Shroud of Golubria       Chrm/Tloc      #.........   95%         2    ###....
 Sublimation of Blood     Necr           #.........   95%         2    ###....
 Swiftness                Chrm/Air       #.......     95%         2    ###....
 Confuse                  Hex            #.......     99%         3    ####...
 Dazzling Spray           Conj/Hex       #.....       99%         3    ####...
 Gell's Gravitas          Tloc           #.........   99%         3    ####...
 Ignite Poison            Fire/Tmut/Pois #.......     99%         3    ####...
 Portal Projectile        Hex/Tloc       #.....       99%         3    ####...
 Regeneration             Chrm/Necr      #.........   99%         3    ####...
 Tukima's Dance           Hex            #.......     99%         3    ####...
 Cause Fear               Hex            #.........   100%        4    #####..
 Force Lance              Conj/Tloc      #.......     100%        4    #####..
 Passage of Golubria      Tloc           N/A          100%        4    #####..
 Petrify                  Tmut/Erth      #.......     100%        4    #####..
 Agony                    Necr           #.......     100%        5    ######.
 Alistair's Intoxication  Tmut/Pois      #.......     100%        5    ######.
 Bolt of Draining         Conj/Necr      #.........   100%        5    ######.
 Borgnjor's Vile Clutch   Necr/Erth      #.........   100%        5    ######.
 Dispel Undead            Necr           #.......     100%        5    ######.
 Excruciating Wounds      Chrm/Necr      #.........   100%        5    ######.
 Irradiate                Conj/Tmut      #.........   100%        5    ######.
 Lee's Rapid Deconstruct  Erth           #.........   100%        5    ######.
 Metabolic Englaciation   Hex/Ice        #.........   100%        5    ######.
 Silence                  Hex/Air        #.........   100%        5    ######.
 Summon Forest            Summ/Tloc      #.........   100%        5    ######.
 Bolt of Fire             Conj/Fire      #.........   100%        6    #######
 Darkness                 Hex            #.........   100%        6    #######
 Death Channel            Necr           #.........   100%        6    #######
 Dispersal                Tloc           #.........   100%        6    #######
 Invisibility             Hex            #.......     100%        6    #######
 Shadow Creatures         Summ           N/A          100%        6    #######
 Dragon Form              Tmut           #.........   100%        7    #######
 Haunt                    Necr/Summ      #.........   100%        7    #######
 Borgnjor's Revivificati  Necr           #.........   100%        8    #######
 Death's Door             Chrm/Necr      #.........   100%        8    #######
 Disjunction              Tloc           #.........   100%        8    #######
 Infestation              Necr           #.........   100%        8    #######
 Necromutation            Tmut/Necr      #.........   100%        8    #######
 Dragon's Call            Summ           #.........   100%        9    #######
 Controlled Blink         Tloc           Unusable     N/A         8    N/A

Dungeon Overview and Level Annotations

Branches:
Dungeon (1/1)

Altars:
Ashenzari
Cheibriados
Dithmenos
Elyvilon
Fedhas
Gozag
Hepliaklqana
Kikubaaqudgha
Makhleb
Nemelex Xobeh
Okawaru
Qazlal
Ru
Sif Muna
Trog
Uskayaw
Vehumet
Wu Jian
Xom
Yredelemnul
Zin
The Shining One
Beogh
Jiyva
Lugonu

Annotations:
D 1 transporter


Innate Abilities, Weirdness & Mutations

You cannot be hasted, slowed, berserked, paralysed or teleported.
You can dig through walls and to a lower floor.
Your four strong arms can wield two-handed weapons with a shield.
You have a pair of large antennae on your head. (SInv)


Message History

You block the rust devil's attack.
PANG!
You block the red devil's attack.
GONNNNG!
The tormentor grins madly.
You block the tormentor's attack.
BONNNG!
You block the tormentor's attack.
PTOANNNG!
The ice devil hits you but does no damage.
The tormentor calls on the powers of darkness!
The iron giant convulses!
Your body is wracked with pain!
* * * LOW HITPOINT WARNING * * *
You block the iron imp's attack.
PANG!
The hell hound bites you.
* * * LOW HITPOINT WARNING * * *
You feel protected from physical attacks.
The reaper hits you from afar with a +0 scythe of protection!!
You die...

▓........▓.
▓....8©8....▓..)††...▓.
▓....)|)|}..▓.▓....▓.▓.
▓...}{)}.=..▓...©....▓.
▓....{.4....▓▓▓▓▓▓▓▓▓▓▓
▓......§....▓...8©8...▓
▓...○424C§..▓..[.)....▓
▓....5242...▓...=}[...▓
▓○§@4.▓ ▓.........▓
▓▓.h.▓▓ ▓.........▓
▓..▓.§.§☼▓..▓...†.†...▓
▓.....©.....▓......†..▓
▓▓▓▓▓▓▓▓▓▓▓▓▓.▓.....▓.▓
▓....8©8....▓....©....▓
▓..|..[.))..▓▓▓▓▓▓▓▓▓▓▓
▓...})".....▓...8©8...▓
▓...........▓...".....▓


You could see an iron giant, a reaper, an ice devil, 2 rust devils, 2
tormentors, a red devil, a hell hound and an iron imp.

Vanquished Creatures
  A lich (D)
  An orc warlord (D)
  A red draconian (D)
  A vampire mage (D)
  A skeletal warrior (D)
  An orc knight (D)
  7 draconians (D)
  2 spiny frogs (D)
  A guardian mummy (D)
  5 merfolk (D)
  A troll (D)
  2 jumping spiders (D)
  A dream sheep (D)
  A flying skull (D)
  A redback (D)
  2 shadows (D)
  A tarantella (D)
  A warg (D)
  2 hell hounds (D)
  A naga (D)
  2 water moccasins (D)
  6 porcupines (D)
  3 orc warriors (D)
  A phantom (D)
  4 necrophages (D)
  3 ogres (D)
  A wolf (D)
  A centaur (D)
  2 crocodiles (D)
  A bullfrog (D)
  5 scorpions (D)
  A wight (D)
  A crimson imp (D)
  2 orc wizards (D)
  6 mummies (D)
  2 adders (D)
  A shadow imp (D)
  A white imp (D)
  An adder zombie (D)
  2 adder skeletons (D)
  A bat zombie (D)
  A ball python skeleton (D)
  A ball python zombie (D)
  3 giant cockroach zombies (D)
  A jackal zombie (D)
87 creatures vanquished.

Notes
Turn   | Place    | Note
-------+----------+-------------------------------------------
     0 | D        | Found the +6 Majin-Bo {vamp, Archmagi MP+6 Int+6}
     0 | D        | Found the +7 great mace "Firestarter" {inner flame, rF++}
     0 | D        | Kairos the Formicid Fighter began the quest for the Orb.
     0 | D        | Reached XP level 1. HP: 18/18 MP: 1/1
     5 | D        | Found a blossoming altar of Fedhas.
     6 | D        | Found a viscous altar of Jiyva.
     6 | D        | Found a hazy altar of Hepliaklqana.
     6 | D        | Found a transporter.
     6 | D        | Found an opulent altar of Gozag.
     6 | D        | Found an ancient bone altar of Kikubaaqudgha.
     6 | D        | Found a corrupted altar of Lugonu.
    26 | D        | Found a burning altar of Makhleb.
    27 | D        | Found an iron altar of Okawaru.
    27 | D        | Found a stormy altar of Qazlal.
    27 | D        | Found a sparkling altar of Nemelex Xobeh.
    27 | D        | Found a sacrificial altar of Ru.
    27 | D        | Found a deep blue altar of Sif Muna.
    33 | D        | Found the +6 shillelagh "Devastator" {shatter}
    33 | D        | Found the +11 plutonium sword {*Contam Stlth-}
    33 | D        | Found the +8 lance "Wyrmbane" {slay drac, rPois rF+ rC+
                  | AC+3}
    33 | D        | Found the +9 sword of Zonguldrok {reap}
    33 | D        | Found the cursed +13 scythe of Curses {drain, *Curse}
    33 | D        | Found the +0 sword of Power
    33 | D        | Found the +7 mace of Variability {chain chaos}
    33 | D        | Found the +7 Singing Sword {slice, sonic wave}
    33 | D        | Found the +7 longbow "Piercer" {penet, EV-2}
    35 | D        | Found the +9 heavy crossbow "Sniper" {velocity, Acc+∞ SInv}
    35 | D        | Found the +10 dark maul {crush}
    35 | D        | Found the +15 Maxwell's patent armour {-Cast -Tele rElec
                  | MR+ rCorr}
    35 | D        | Found the +18 shield of the Gong {rElec rN+ MR+ EV-5}
    35 | D        | Found the cursed +14 obsidian axe {chop, +Fly SInv *Curse}
    37 | D        | Found a bloodstained altar of Trog.
   122 | D        | Became a worshipper of Qazlal Stormbringer
   131 | D        | Reached skill level 1 in Maces & Flails
   131 | D        | Reached skill level 1 in Polearms
   131 | D        | Reached skill level 1 in Crossbows
   131 | D        | Reached skill level 1 in Throwing
   131 | D        | Reached skill level 1 in Dodging
   131 | D        | Reached skill level 1 in Unarmed Combat
   131 | D        | Reached skill level 1 in Spellcasting
   131 | D        | Reached skill level 1 in Invocations
   131 | D        | Reached skill level 1 in Evocations
   131 | D        | Reached XP level 2. HP: 25/25 MP: 1/4
   182 | D        | Entered arena 2.
   182 | D        | Noticed a scorpion
   182 | D        | Noticed a scorpion
   182 | D        | Found a transporter.
   184 | D        | Killed a scorpion
   184 | D        | Reached skill level 5 in Fighting
   184 | D        | Reached skill level 3 in Axes
   184 | D        | Reached skill level 5 in Armour
   184 | D        | Reached skill level 5 in Shields
   184 | D        | Reached XP level 3. HP: 33/33 MP: 5/5
   184 | D        | Reached XP level 4. HP: 39/39 MP: 6/6
   188 | D        | Reached XP level 5. HP: 45/46 MP: 7/7
   198 | D        | Entered arena 3.
   198 | D        | Found a transporter.
   201 | D        | Reached * piety under Qazlal
   202 | D        | Reached skill level 4 in Axes
   211 | D        | Entered arena 4.
   211 | D        | Noticed a porcupine
   211 | D        | Noticed a wolf
   211 | D        | Noticed a porcupine
   211 | D        | Noticed a porcupine
   211 | D        | Found a transporter.
   214 | D        | Killed a porcupine
   214 | D        | Reached ** piety under Qazlal
   214 | D        | Reached skill level 5 in Axes
   214 | D        | Reached XP level 6. HP: 51/55 MP: 8/8
   216 | D        | Killed a wolf
   216 | D        | Reached skill level 6 in Axes
   216 | D        | Killed a porcupine
   216 | D        | Reached skill level 7 in Axes
   216 | D        | Reached XP level 7. HP: 29/62 MP: 9/9
   550 | D        | Entered arena 5.
   550 | D        | Noticed a water moccasin
   550 | D        | Noticed a naga
   550 | D        | Found a transporter.
   553 | D        | Reached *** piety under Qazlal
   553 | D        | Reached skill level 8 in Axes
   557 | D        | Killed a naga
   559 | D        | Killed a water moccasin
   559 | D        | Reached skill level 9 in Axes
   559 | D        | Reached XP level 8. HP: 48/70 MP: 10/10
   710 | D        | Entered arena 6.
   710 | D        | Found a transporter.
   714 | D        | Reached **** piety under Qazlal
   715 | D        | Reached skill level 10 in Shields
   718 | D        | Reached ***** piety under Qazlal
   737 | D        | Entered arena 7.
   737 | D        | Noticed a merfolk
   737 | D        | Noticed a merfolk
   737 | D        | Noticed a merfolk
   737 | D        | Noticed a merfolk
   737 | D        | Noticed a merfolk
   738 | D        | Identified the +2 arbalest "Ilavofuf" {flame, Int+2}
   738 | D        | Identified the +9 trident of Dissolution {drain, +Fly rF+
                  | MR-}
   738 | D        | Found a transporter.
   745 | D        | Killed a merfolk
   745 | D        | Reached skill level 10 in Axes
   748 | D        | Killed a merfolk
   748 | D        | Reached skill level 11 in Axes
   748 | D        | Reached XP level 9. HP: 27/78 MP: 11/11
   748 | D        | Killed a merfolk
   749 | D        | Killed a merfolk
   749 | D        | Reached skill level 10 in Fighting
   749 | D        | Reached skill level 12 in Axes
   750 | D        | Killed a merfolk
  1030 | D        | Entered arena 8.
  1031 | D        | Found a transporter.
  1035 | D        | Reached ****** piety under Qazlal
  1061 | D        | Entered arena 9.
  1061 | D        | Noticed a jumping spider
  1061 | D        | Noticed a jumping spider
  1062 | D        | Found a transporter.
  1066 | D        | Killed a jumping spider
  1066 | D        | Reached skill level 13 in Axes
  1069 | D        | Reached XP level 10. HP: 71/86 MP: 12/12
  1265 | D        | Entered arena 10.
  1265 | D        | Noticed a draconian
  1265 | D        | Noticed a red draconian
  1265 | D        | Noticed a draconian
  1265 | D        | Noticed a draconian
  1265 | D        | Noticed a draconian
  1265 | D        | Noticed a draconian
  1265 | D        | Noticed a draconian
  1265 | D        | Noticed a draconian
  1266 | D        | Found the brooch of Shielding {Reflect SH+8}
  1266 | D        | Found a transporter.
  1273 | D        | Killed a draconian
  1273 | D        | Reached skill level 14 in Axes
  1274 | D        | Killed a draconian
  1275 | D        | Killed a draconian
  1275 | D        | Killed a draconian
  1275 | D        | Reached skill level 15 in Axes
  1277 | D        | Killed a draconian
  1277 | D        | Killed a draconian
  1278 | D        | Killed a draconian
  1278 | D        | Reached XP level 11. HP: 71/93 MP: 11/13
  1283 | D        | Killed a red draconian
  1283 | D        | Reached skill level 16 in Axes
  1283 | D        | Reached skill level 10 in Armour
  1507 | D        | Entered arena 11.
  1508 | D        | Found a transporter.
  1513 | D        | Reached skill level 15 in Shields
  1526 | D        | Entered arena 12.
  1528 | D        | Found a transporter.
  1534 | D        | Reached skill level 17 in Axes
  1541 | D        | Got the cursed ring "Lygemep" {MR+ Str+6 Int-2}
  1564 | D        | Got the +3 lajatang "Xiapn" {antimagic, MR++ Int-5 SInv
                  | Stlth+}
  1573 | D        | Got the Volume of Evil Bewitchment
  1585 | D        | Entered arena 13.
  1585 | D        | Noticed a vampire mage
  1585 | D        | Identified the +9 hunting sling of Afepyph {flame, Str+4
                  | Dex+5 Stlth+}
  1585 | D        | Noticed a lich
  1585 | D        | Noticed a skeletal warrior
  1587 | D        | Found a transporter.
  1589 | D        | Noticed a flayed ghost
  1591 | D        | Noticed a Hell Sentinel
  1594 | D        | Killed a lich
  1594 | D        | Reached skill level 18 in Axes
  1595 | D        | Killed a vampire mage
  1595 | D        | Reached XP level 12. HP: 85/105 MP: 14/14
  1595 | D        | Killed a skeletal warrior
  1617 | D        | Got the Grimoire of Pathos
  1629 | D        | Entered arena 14.
  1630 | D        | Noticed an orc warlord
  1632 | D        | Found a transporter.
  1641 | D        | Reached skill level 19 in Axes
  1644 | D        | Killed an orc warlord
  1830 | D        | Entered arena 15.
  1831 | D        | Noticed a reaper
  1832 | D        | Noticed an iron giant
  1833 | D        | Found a transporter.
  1836 | D        | Mangled by a reaper

Skill      XL: |  1  2  3  4  5  6  7  8  9 10 11 12 |
---------------+-------------------------------------+-----
Maces & Flails | 1 |  1.6
Polearms       | 1 |  1.5
Crossbows      | 1 |  1.6
Throwing       | 1 |  1.5
Dodging        | 1 2 3 |  3.1
Stealth        | 2 |  2.8
Shields        | 4 5 6 7 8 9 11 12 14 16 17 | 17.1
Unarmed Combat | 1 |  1.7
Spellcasting   | 1 |  1.7
Invocations    | 1 |  1.9
Evocations     | 1 |  1.7
Fighting       | 5 7 8 9 10 11 13 | 13.6
Axes           | 3 5 7 9 11 13 15 18 19 | 19.3
Armour         | 5 6 7 8 9 10 | 10.4

Action                   |  1- 3 |  4- 6 |  7- 9 | 10-12 || total
-------------------------+-------+-------+-------+-------++-------
Melee: Executioner's axe |     1 |    10 |    37 |    53 ||   101
  Use: Potion            |     1 |       |       |       ||     1
       Scroll            |       |       |       |     1 ||     1
  Eat: Chunk             |       |       |       |     2 ||     2
Armor: Plate armour      |       |     9 |    38 |    28 ||    75
Dodge: Dodged            |       |     2 |     4 |     5 ||    11
Block: Shield            |     2 |    18 |   114 |   174 ||   308
       Reflection        |       |       |       |     1 ||     1
